 Dungeon Crawl Stone Soup version 0.22-b1-21-g5cfc1688f2 (webtiles) character file.

154 Pisosu the Shield-Bearer (level 5, -7/47 HPs)
             Began as a Minotaur Fighter on Aug 7, 2018.
             Killed by nerve-wracking pain
             ... invoked by Grinder
              (13 damage)
             ... on level 4 of the Dungeon.
             The game lasted 00:03:23 (2303 turns).

Pisosu the Shield-Bearer (Minotaur Fighter)         Turns: 2303, Time: 00:03:23

Health: -7/47      AC:  5    Str: 22    XL:     5   Next: 13%
Magic:  4/4        EV:  9    Int:  5    God:
Gold:   191        SH:  9    Dex:  9    Spells: 4/4 levels left

rFire    + . .     SeeInvis .   a - +0 flail
rCold    . . .     Gourm    .   c - +0 shield
rNeg     . . .     Faith    .   j - +2 leather armour {rF+}
rPois    .         Spirit   .   (helmet restricted)
rElec    .         Reflect  .   (no cloak)
rCorr    .         Harm     .   (no gloves)
MR       .....                  (no boots)
Stlth    +.........             (no amulet)
HPRegen  0.15/turn              (no ring)
MPRegen  0.09/turn              (no ring)

@: no status effects
A: retaliatory headbutt, horns 2
a: no special abilities


You were on level 4 of the Dungeon.
You were hungry.

You visited 1 branch of the dungeon, and saw 4 of its levels.

You collected 191 gold pieces.

Inventory:

Hand Weapons
 a - a +0 flail (weapon)
Armour
 b - a +0 scale mail
 c - a +0 shield (worn)
 j - a +2 leather armour of fire resistance (worn)
Wands
 s - a wand of acid (9)
Scrolls
 h - 4 scrolls of fog {unknown}
 k - 2 scrolls of identify {unknown}
 l - a scroll of enchant armour {unknown}
 m - a scroll of random uselessness {unknown}
 o - 2 scrolls of teleportation {unknown}
 q - a scroll of noise {unknown}
 r - a scroll of remove curse {unknown}
 u - a scroll of enchant weapon {unknown}
Potions
 d - a potion of might
 e - 2 potions of curing {unknown}
 g - 2 potions of degeneration {unknown}
 i - a potion of heal wounds {unknown}
 n - a potion of mutation {unknown}
 p - a potion of cancellation {unknown}
 t - a potion of brilliance {unknown}
 v - a potion of ambrosia {unknown}
Comestibles
 f - 9 rations


   Skills:
 + Level 4.4 Fighting
 + Level 4.3 Maces & Flails
 + Level 4.4 Armour
 + Level 4.8 Shields


You had 4 spell levels left.
You didn't know any spells.
Your spell library was empty.

Dungeon Overview and Level Annotations

Branches:
Dungeon (4/15)
 Temple: D:4-7

Altars:
Dithmenos
Gozag

Annotations:
D:4 Grinder


Innate Abilities, Weirdness & Mutations

You reflexively headbutt those who attack you in melee.
You have a pair of horns on your head.


Message History

Grinder is severely wounded.
You block Grinder's attack.
You hit Grinder but do no damage.
Grinder is severely wounded.
Grinder gestures at you. Pain shoots through your body!
Grinder gestures at you. Pain shoots through your body!
* * * LOW HITPOINT WARNING * * *
You closely miss Grinder.
Grinder is severely wounded.
Grinder gestures at you. Pain shoots through your body!
* * * LOW HITPOINT WARNING * * *
Sorry, you're not good enough to have a special ability.
Your shield prevents you from hitting Grinder.
Grinder is severely wounded.
Grinder gestures at you. Pain shoots through your body!
You die...

#.# #............
#..# ###..........
#..#####...........
#..##..####>..[...
#...### ###.....
#.###.## ###..#
##.#..... ####
#.#.......
#@5.......
#......8...
#..........
.........8.
#.#.........
#.#.....8.8.
.##........ #.
#........


You could see Grinder.

Vanquished Creatures
  A worker ant (D:4)
  6 adders
  A worm (D:2)
  A dart slug (D:2)
  2 leopard geckos (D:1)
  5 giant cockroaches
  8 goblins
  9 hobgoblins
  6 jackals
  8 kobolds
  2 quokkas
  8 bats
  2 frilled lizards
  9 rats
68 creatures vanquished.

Notes
Turn   | Place    | Note
-------+----------+-------------------------------------------
     0 | D:1      | Pisosu the Minotaur Fighter began the quest for the Orb.
     0 | D:1      | Reached XP level 1. HP: 19/19 MP: 0/0
   165 | D:1      | Reached XP level 2. HP: 22/27 MP: 1/1
   444 | D:1      | Reached XP level 3. HP: 31/33 MP: 2/2
  1092 | D:2      | Reached XP level 4. HP: 33/40 MP: 3/3
  1615 | D:3      | Found an opulent altar of Gozag.
  2039 | D:3      | Found a shadowy altar of Dithmenos.
  2205 | D:4      | Reached XP level 5. HP: 36/47 MP: 4/4
  2289 | D:4      | Noticed Grinder
  2303 | D:4      | Killed from afar by Grinder

Skill      XL: |  1  2  3  4 |
---------------+-------------+-----
Fighting       | 4 |  4.4
Shields        | 4 |  4.8
Armour         | 4 |  4.4
Maces & Flails | 3 4 |  4.3

Action                   |  1- 3 |  4- 6 || total
-------------------------+-------+-------++-------
Melee: Flail             |    88 |    80 ||   168
       Headbutt          |    11 |    14 ||    25
  Eat: Chunk             |     1 |     3 ||     4
Armor: Scale mail        |    17 |       ||    17
       Leather armour    |    10 |    23 ||    33
Dodge: Dodged            |    33 |    32 ||    65
Block: Shield            |    48 |    43 ||    91
